 Dungeon Crawl Stone Soup version bcrawl-1.31.2 (webtiles) character file.

Game seed: 16073021319744756224

14254686 Artagas the Pyromancer (level 27, 241/258 HPs)
             Began as a Djinni Fire Elementalist on Mar 26, 2021.
             Was the Champion of Vehumet.
             Escaped with the Orb
             ... and 4 runes on Mar 28, 2021!
             The game lasted 04:12:18 (79324 turns).

Artagas the Pyromancer (Djinni Fire Elementalist)  Turns: 79324, Time: 04:12:18

Health: 241/258    AC: 34    Str: 19    XL:     27
Magic:  45/61      EV: 23    Int: 30    God:    Vehumet [******]
Gold:   5425       SH: 12    Dex: 14    Spells: 17/74 levels left

rFire    + + .     SeeInvis +   b - staff of fire
rCold    + . .     Gourm    .   B - +3 buckler
rNeg     . . .     Faith    .   L - +6 acid dragon scales
rPois    +         Spirit   .   J - +2 helmet {SInv}
rElec    .         Reflect  +   U - +2 cloak {rPois}
rCorr    +         Harm     .   i - +2 pair of gloves {Dex+3}
MR       +++++     Rnd*Rage +   (boots unavailable)
Stlth    +.........             k - amulet "Kevennekh" {Reflect rC+ MR+ Str+4 SH+2 Stlth+}
HPRegen  0.53/turn              n - ring of the Mage {Wiz MR++ Int+3}
MPRegen  0.37/turn              p - +6 ring of protection

@: flying, very slightly contaminated, studying 2 skills
A: never pass out, molten scales 1, berserk 2, blink, blurry vision 2,
deterioration 1, fire resistance 1, hurl hellfire, high mp 2, wild magic 3,
disrupted magic 1, MP-powered wands, floating
0: Orb of Zot
}: 4/15 runes: serpentine, barnacled, slimy, silver
a: Hurl Hellfire, Blink, Renounce Religion


You escaped.
You worshipped Vehumet.
Vehumet was exalted by your worship.
You were full.

You visited 12 branches of the dungeon, and saw 49 of its levels.
You visited 1 ziggurat, and saw 10 of its levels.
You also visited: Gauntlet and Ice Cave.

You collected 10180 gold pieces.
You spent 4755 gold pieces at shops.

Inventory:

Hand Weapons
 f - a +5 fustibalus of freezing
   (You found it on level 3 of the Elven Halls)
Missiles
 H - 4633 sling bullets
 X - 10 throwing nets {=f}
Armour
 i - a +2 pair of gloves of dexterity (worn)
   (You found it on level 3 of a ziggurat)
 B - a +3 buckler (worn)
   (You found it on level 2 of the Dungeon)
 J - a +2 helmet of see invisible (worn)
   (You found it on level 2 of the Depths)
 L - +6 acid dragon scales (worn)
   (You found it on level 12 of the Dungeon)
 U - a +2 cloak of poison resistance (worn)
   (You found it in a Gauntlet)
Magical Staves
 a - an uncursed staff of conjuration
   (You took it off a necromancer on level 2 of the Depths)
 b - an uncursed staff of fire (weapon)
   (You found it on level 5 of the Pits of Slime)
Jewellery
 d - the ring of Lesser Demons {*Corrode rElec MP+9 Str+2 Dex+8}
   (You acquired it on level 2 of the Shoals)

   [ring of magical power]

   It affects your strength (+2).
   It affects your dexterity (+8).
   It insulates you from electricity.
   It affects your magic capacity (+9).
   It may corrode you when you take damage.
 k - the amulet "Kevennekh" (around neck) {Reflect rC+ MR+ Str+4 SH+2 Stlth+}
   (You bought it in a shop on level 5 of the Dungeon)

   [amulet of reflection]

   It shields you and reflects attacks.
   It affects your strength (+4).
   It protects you from cold.
   It affects your resistance to hostile enchantments.
   It affects your SH (+2).
   It makes you more stealthy.
 n - the ring of the Mage (left hand) {Wiz MR++ Int+3}
   (You took it off a deep elf demonologist on level 3 of the Elven Halls)

   [ring of wizardry]

   It improves your spell success rate.
   It affects your intelligence (+3).
   It affects your resistance to hostile enchantments.
 o - the ring "Iczumuhe" {+Fly rN++ Str-5}
   (You took it off a minotaur in a Gauntlet)

   [ring of flight]

   It affects your strength (-5).
   It greatly protects you from negative energy.
   It lets you fly.
 p - a +6 ring of protection (right hand)
   (You found it on level 1 of the Vaults)
 r - the ring of Lady Luck {*Corrode rPois rN+ Str+5}
   (You found it on level 3 of the Shoals)

   [ring of positive energy]

   It affects your strength (+5).
   It protects you from poison.
   It protects you from negative energy.
   It may corrode you when you take damage.
 Q - the ring "Fuyceur" {rF+ rC+}
   (You found it on level 7 of the Dungeon)

   [ring of protection from cold]

   It protects you from fire.
   It protects you from cold.
Wands
 u - a wand of clouds (4)
   (You found it on level 3 of the Vaults)
 v - a wand of digging (22)
   (You found it on level 4 of the Lair of Beasts)
 y - a wand of disintegration (35)
   (You found it on level 1 of the Lair of Beasts)
 A - a wand of acid (32)
   (You found it on level 2 of the Dungeon)
 D - a wand of enslavement (31)
   (You took it off a merfolk aquamancer on level 1 of the Shoals)
 N - a wand of iceblast (22)
   (You found it on level 2 of the Crypt)
 O - a wand of paralysis (16)
   (You found it on level 9 of the Dungeon)
Scrolls
 c - 5 scrolls of fear
 g - 15 scrolls of remove curse
 l - 10 scrolls of magic mapping
 t - 27 scrolls of teleportation
 z - 5 scrolls of blinking
 F - 19 scrolls of fog
 M - 10 scrolls of immolation
 T - a scroll of summoning
Potions
 h - 5 potions of haste
 j - a potion of ambrosia
 q - 23 potions of curing
 s - 8 potions of agility
 w - 7 potions of heal wounds
 x - 9 potions of magic
 C - 2 potions of invisibility
 E - 4 potions of cancellation
 K - 10 potions of resistance
 V - 8 potions of lignification
 Y - 5 potions of brilliance
 Z - 17 potions of mutation
Miscellaneous
 m - a sack of spiders
   (You found it on level 2 of the Crypt)
 G - a phantom mirror
 P - a lamp of fire
   (You found it on level 6 of the Lair of Beasts)
 R - a lightning rod (4/4)
   (You found it on level 5 of the Pits of Slime)
 W - a phial of floods
   (You found it on level 7 of a ziggurat)
Comestibles
 e - 41 rations {!d}


   Skills:
 - Level 23.0 Fighting
 - Level 13.0 Slings
 - Level 0.1(8.5) Throwing
 - Level 13.0 Armour
 - Level 20.0 Dodging
 - Level 1.9 Stealth
 - Level 8.0 Shields
 - Level 24.0 Spellcasting
 - Level 19.0 Conjurations
 - Level 6.0 Charms
 - Level 6.0 Transmutations
 + Level 26.0 Fire Magic
 - Level 20.0 Air Magic
 - Level 10.0 Evocations


You had 17 spell levels left.
You knew the following spells:

 Your Spells              Type           Power        Failure   Level  Hunger
a - Ignition              Fire           #########.   1%          8    None
b - Bolt of Fire          Conj/Fire      #########.   1%          6    None
c - Chain Lightning       Conj/Air       ########..   2%          8    None
d - Irradiate             Conj/Tmut      ########..   1%          5    None
e - Orb of Destruction    Conj           ########..   1%          7    None
f - Fireball              Conj/Fire      #########.   1%          5    None
g - Conjure Flame         Conj/Fire      ########     1%          3    None
h - Sticky Flame          Conj/Fire      ########     1%          4    None
i - Flaming Arrows        Chrm/Fire      ########     1%          2    None
j - Inner Flame           Hex/Fire       N/A          1%          3    None
k - Flame Tongue          Conj/Fire      #####        1%          1    None
l - Lightning Bolt        Conj/Air       ########..   1%          5    None

Your spell library contained the following spells:

 Spells                   Type           Power        Failure   Level  Hunger
 Glaciate                 Conj/Ice/Air   ########..   14%         8    None
 Beastly Appendage        Tmut           ######       1%          1    None
 Freeze                   Ice            ######       1%          1    None
 Infusion                 Chrm           #######.     1%          1    None
 Sandblast                Erth           ######       1%          1    None
 Shock                    Conj/Air       #####        1%          1    None
 Sting                    Conj/Pois      ####         1%          1    None
 Poisonous Vapours        Pois/Air       ######       1%          2    None
 Swiftness                Chrm/Air       ########     1%          2    None
 Throw Frost              Conj/Ice       ######       1%          2    None
 Dazzling Orbs            Conj/Hex       #######      1%          3    None
 Ignite Poison            Fire/Tmut/Pois ########     1%          3    None
 Mephitic Cloud           Conj/Pois/Air  ########     1%          3    None
 Static Discharge         Air            ########     1%          3    None
 Stone Arrow              Conj/Erth      ######       1%          3    None
 Airstrike                Air            ########..   1%          4    None
 Fulminant Prism          Conj/Hex       ########..   1%          4    None
 Throw Icicle             Conj/Ice       ########     1%          4    None
 Bolt of Draining         Conj/Necr      ########..   1%          5    None
 Bolt of Magma            Conj/Fire/Erth #########.   1%          5    None
 Venom Bolt               Conj/Pois      ########..   1%          5    None
 Sticks to Snakes         Tmut           #######.     2%          2    None
 Yara's Violent Unravell  Hex/Tmut       #######...   2%          4    None
 Freezing Cloud           Ice/Air        ########..   2%          6    None
 Steam Barrier            Chrm/Fire      #########.   2%          6    None
 Passwall                 Tmut/Erth      #######.     3%          2    None
 Poison Arrow             Conj/Pois      ########..   3%          6    None
 Apportation              Tloc           ######       5%          1    None
 Corona                   Hex            ######.      5%          1    None
 Slow                     Hex            ######..     5%          1    None
 Summon Butterflies       Summ           ######..     5%          1    None
 Summon Small Mammal      Summ           ####         5%          1    None
 Ozocubu's Armour         Chrm/Ice       #######.     5%          3    None
 Regeneration             Chrm/Necr      #######...   5%          3    None
 Spectral Weapon          Hex/Chrm       #######.     5%          3    None
 Spider Form              Tmut/Pois      ###          5%          3    None
 Corpse Rot               Necr           N/A          7%          2    None
 Ensorcelled Hibernation  Hex/Ice        ######       7%          2    None
 Sublimation of Blood     Necr           ######....   7%          2    None
 Blade Hands              Tmut           #######...   9%          5    None
 Icicle Burst             Conj/Ice       ########..   9%          7    None
 Mana Rupture             Conj/Hex       ########..   9%          7    None
 Call Canine Familiar     Summ           ######..     10%         3    None
 Confuse                  Hex            ######..     10%         3    None
 False Image              Hex/Summ       ######..     10%         3    None
 Recall                   Summ/Tloc      N/A          10%         3    None
 Tukima's Dance           Hex            ######..     10%         3    None
 Ice Form                 Ice/Tmut       #######.     10%         4    None
 Petrify                  Tmut/Erth      #######...   10%         4    None
 Tree Form                Hex/Tmut       N/A          10%         4    None
 Lee's Rapid Deconstruct  Erth           ######....   13%         5    None
 Tornado                  Air            ########..   13%         9    ###....
 Agony                    Necr           ######..     22%         4    None
 Animate Dead             Necr           N/A          22%         4    None
 Cause Fear               Hex            ######....   22%         4    None
 Olgreb's Toxic Radiance  Pois           ######...    22%         4    None
 Summon Ice Beast         Ice/Summ       ######..     22%         4    None
 Summon Scorpions         Summ/Pois      ######..     22%         4    None
 Spellforged Servitor     Conj/Summ      ########..   32%         7    None
 Ozocubu's Refrigeration  Ice            ######....   41%         6    None
 Aura of Abjuration       Summ           ######....   43%         5    None
 Dispel Undead            Necr           ######..     43%         5    None
 Metabolic Englaciation   Hex/Ice        ######....   43%         5    None
 Summon Demon             Summ           ######....   43%         5    None
 Summon Forest            Summ/Tloc      ######....   43%         5    None
 Summon Mana Viper        Hex/Summ       ######..     43%         5    None
 Death Channel            Chrm/Necr      #######...   54%         6    None
 Borgnjor's Vile Clutch   Necr/Erth      ######....   87%         6    None
 Simulacrum               Ice/Necr       ######....   87%         6    None
 Summon Hydra             Summ           ######....   87%         6    None
 Monstrous Menagerie      Summ           ######....   100%        7    None
 Shatter                  Erth           ######....   100%        9    ###....


Dungeon Overview and Level Annotations

Branches:
Dungeon (12/12)            Temple (1/1) D:6            Lair (6/6) D:7
 Shoals (3/3) Lair:4        Snake (3/3) Lair:4        Slime (5/5) Lair:6
    Orc (1/1) D:8             Elf (3/3) Orc          Vaults (3/3) D:11
  Crypt (2/2) Vaults:2       Tomb (0/3) Crypt:2      Depths (5/5) D:12
    Zot (5/5) Depths:5

Altars:
Ashenzari
Cheibriados
Dithmenos
Elyvilon
Fedhas
Gozag
Hepliaklqana
Kikubaaqudgha
Lugonu
Makhleb
Nemelex Xobeh
Okawaru
Qazlal
Ru
Sif Muna
Trog
Uskayaw
Vehumet
Wu Jian
Xom
Yredelemnul
Zin
The Shining One
Beogh
Jiyva

Shops:
D:4 *(!?   D:5 *=(*:   D:8 (   D:11 (%%*   Orc :?}%   Elf:1 *   Shoals:3 (
Vaults:2 %   Vaults:3 [!%%!   Depths:1 *%   Depths:3 *

Portals:
Hell: Depths:1 Depths:2 Depths:3 Depths:4 Depths:5
Abyss: Slime:1 Depths:4
Pandemonium: Depths:3 Depths:4

Annotations:
Depths:5 4 runed doors
Zot:2 10 runed doors


Innate Abilities, Weirdness & Mutations

You never pass out after going berserk.
You often lose your temper in combat.
You can translocate small distances at will.
Scrolls take you longer to read.
Your flesh is heat resistant. (rF+)
You can hurl hellfire.
You have a considerably increased reservoir of magic. (+20% MP)
Your spells are much harder to cast, but much more powerful.
Your casting is slightly disrupted.
You expend magic power (3 MP) to strengthen your wands.
Your body floats in the air.
You are partially covered in molten scales. (AC +2)
Your body sometimes deteriorates upon taking damage.


Message History

There is a stone staircase leading down here.
A neqoxec comes into view.
Casting: Bolt of Fire (safe; 1% risk of failure)
Confirm with . or Enter, or press ? or * to list all spells.
Aiming: Bolt of Fire (safe; 1% risk of failure)
Press: ? - help, Shift-Dir - straight line, f - neqoxec
Aim: a neqoxec You feel a surge of power!
The bolt of fire misses the neqoxec.
Casting: Bolt of Fire (safe; 1% risk of failure)
Confirm with . or Enter, or press ? or * to list all spells.
Aiming: Bolt of Fire (safe; 1% risk of failure)
Press: ? - help, Shift-Dir - straight line, f/p - neqoxec
Aim: a neqoxec You feel a surge of power!
The bolt of fire hits the neqoxec!!!!
You kill the neqoxec!
Vehumet accepts your kill.
You feel your power returning.
There is a stone staircase leading up here.
You fly upwards.
An Orb Guardian comes into view.
There is a stone staircase leading down here.
(D) Dungeon (T) Temple (L) Lair (A) Shoals (P) Snake Pit (M) Slime Pits (O) Orcish Mines (E) Elven Halls (V) Vaults (C) Crypt (W) Tomb (U) Depths (H) Hell (Z) Zot
Where to? (Enter - D:1 @ (x,y), ? - help)
Okay, then.
Casting: Bolt of Fire (safe; 1% risk of failure)
Confirm with . or Enter, or press ? or * to list all spells.
Aiming: Bolt of Fire (safe; 1% risk of failure)
Press: ? - help, Shift-Dir - straight line, f - Orb Guardian
Aim: an Orb Guardian You feel a surge of power!
The bolt of fire misses the Orb Guardian.
Casting: Bolt of Fire (safe; 1% risk of failure)
Confirm with . or Enter, or press ? or * to list all spells.
Aiming: Bolt of Fire (safe; 1% risk of failure)
Press: ? - help, Shift-Dir - straight line, f/p - Orb Guardian
Aim: an Orb Guardian You feel a surge of power!
The bolt of fire hits the Orb Guardian!!!
The Orb Guardian is heavily wounded.
Casting: Bolt of Fire (safe; 1% risk of failure)
Confirm with . or Enter, or press ? or * to list all spells.
Aiming: Bolt of Fire (safe; 1% risk of failure)
Press: ? - help, Shift-Dir - straight line, f/p - Orb Guardian
Aim: an Orb Guardian (heavily wounded)
You feel a surge of power!
The bolt of fire hits the Orb Guardian!!!
You kill the Orb Guardian!
Vehumet accepts your kill.
You start resting.
A blizzard demon comes into view.
Casting: Bolt of Fire (safe; 1% risk of failure)
Confirm with . or Enter, or press ? or * to list all spells.
Aiming: Bolt of Fire (safe; 1% risk of failure)
Press: ? - help, Shift-Dir - straight line, f - blizzard demon
Aim: a blizzard demon You feel a surge of power!
The bolt of fire misses the blizzard demon.
The blizzard demon gestures at you. The bolt of lightning hits you!!!
The blizzard demon gestures at you. The bolt of lightning misses you.
Casting: Bolt of Fire (safe; 1% risk of failure)
Confirm with . or Enter, or press ? or * to list all spells.
Aiming: Orb of Destruction (safe; 1% risk of failure)
Press: ? - help, Shift-Dir - straight line, f/p - blizzard demon
Aim: a blizzard demon The orb of destruction hits the blizzard demon!!!!
You blow up the blizzard demon!
Vehumet accepts your kill.
Your Fire Magic skill increases to level 26!
(D) Dungeon (T) Temple (L) Lair (A) Shoals (P) Snake Pit (M) Slime Pits (O) Orcish Mines (E) Elven Halls (V) Vaults (C) Crypt (W) Tomb (U) Depths (H) Hell (Z) Zot
Where to? (Enter - D:1 @ (x,y), ? - help)
A rust devil comes into view.
Casting: Orb of Destruction (safe; 1% risk of failure)
Confirm with . or Enter, or press ? or * to list all spells.
You can't see any susceptible monsters within range! (Use Z to cast anyway.)
Casting: Orb of Destruction (safe; 1% risk of failure)
Confirm with . or Enter, or press ? or * to list all spells.
You can't see any susceptible monsters within range! (Use Z to cast anyway.)
Casting: Orb of Destruction (safe; 1% risk of failure)
Confirm with . or Enter, or press ? or * to list all spells.
Aiming: Orb of Destruction (safe; 1% risk of failure)
Press: ? - help, Shift-Dir - straight line, f - rust devil
Aim: a rust devil The orb of destruction hits the rust devil!!!
You blow up the rust devil!
Vehumet accepts your kill.
You feel your power returning.
There is a staircase leading out of the dungeon here.
You start resting.
A sixfirhy and a torturous demonspawn come into view.
Unknown command.
The power of the Orb breaks the dimensional shunt like a soap bubble!
You have escaped!

#..#.#>#.#.#..............
#..#.###.#.#..............
#.....#.......)...........
#....###....########......
#..### ###..# #......
#...## ##..# #......
#..#.# ##>..# #......
##.>## #.#.## ###...# #.##
##@.# #...# #.### ###.#
#.... #...###...# #...#
#....#...3# #....
#.#.###.#.# ##.#.
#.#.#>#.#.# #.#.
#........6# #.##
########### #... ####


You could see a torturous demonspawn and a sixfirhy.

Vanquished Creatures
  the Royal Jelly (Slime:5)
  4 juggernauts
  8 orbs of fire (Zot:5)
  Mara (Snake:3)
  5 ancient liches
  5 Killer Klowns
  9 golden dragons
  Margery (Crypt:2)
  Frederick (Vaults:2)
  A curse toe (Zot:5)
  5 caustic shrikes
  2 pandemonium lords
  4 rockslimes
  A profane servitor (Crypt:2)
  A bone dragon (Crypt:2)
  3 electric golems (Zot:5)
  11 tentacled monstrosities
  31 Orb Guardians
  4 liches
  5 quicksilver dragons
  An Ice Fiend (Zig:8)
  2 deep elf blademasters (Elf:3)
  3 Executioners
  2 deep elf master archers (Elf:3)
  8 ancient champions
  Frances (Elf:1)
  3 death cobs
  A sphinx (shapeshifter) (Zig:8)
  21 acid blobs
  Agnes (Vaults:2)
  Kirke (Lair:3)
  3 tengu reavers
  8 sphinxes
  8 storm dragons
  5 shadow dragons
  2 revenants (Crypt:2)
  Ilsuiw (Shoals:3)
  9 nagarajas
  4 draconian knights
  9 fire giants
  12 azure jellies
  2 draconian monks
  9 deep elf sorcerers
  17 frost giants
  A balrug (Zig:8)
  3 ghost moths
  3 iron dragons
  10 vault wardens
  A ghoul (Crypt:2)
  6 draconian scorchers
  7 draconian annihilators
  3 draconian shifters
  30 stone giants
  A curse skull (Crypt:2)
  3 deep elf elementalists (Elf:3)
  2 eyes of devastation
  2 war gargoyles
  A reaper (D:12)
  12 draconian stormcallers
  6 vampire knights
  12 very ugly things
  Nessos (Orc)
  14 black draconians
  A caustic shrike skeleton (Crypt:1)
  13 green draconians
  14 ironheart preservers
  2 dire elephants (Vaults:1)
  4 deep elf annihilators
  An entropy weaver (Zig:4)
  5 deep elf demonologists
  2 lorocyprocas
  9 yellow draconians
  11 white draconians
  8 merfolk javelineers (Shoals:3)
  5 spark wasps
  A minotaur (Gauntlet)
  2 blizzard demons
  15 red draconians
  14 ettins
  12 purple draconians
  Azrael (Snake:1)
  Snorg (Orc)
  12 jiangshi
  15 fire dragons
  8 deep elf death magi
  A fire dragon (shapeshifter) (Zig:8)
  3 eidola (Crypt:1)
  A green death (Depths:3)
  6 merfolk impalers
  3 deep elf high priests
  5 crystal guardians
  15 yaktaur captains
  16 ice dragons
  Harold (Lair:4)
  27 vault guards
  10 rakshasas
  12 naga warriors
  8 hydras
  A ghost crab (Gauntlet)
  4 ogre magi
  3 catoblepae (Lair:6)
  3 spriggan air magi
  A death knight (Vaults:1)
  11 great orbs of eyes
  2 merfolk avatars
  2 satyrs
  7 anacondas
  3 shadow wraiths
  15 sea snakes
  4 alligator snapping turtles
  37 centaur warriors
  17 two-headed ogres
  33 dancing weapons
  7 death oozes (Slime:5)
  11 deep troll earth magi
  16 deep troll shamans
  7 merfolk aquamancers
  10 death yaks
  3 tengu warriors
  4 vampire magi
  5 shock serpents
  A soul eater (Crypt:1)
  5 spriggan berserkers
  12 naga sharpshooters
  Nergalle (D:11)
  An ironheart beastmaster (Vaults:1)
  28 deep trolls
  19 deep elf knights
  7 iron trolls
  The ghost of dscm the Nimble, a novice OpAc of Makhleb (Lair:1)
  A titan skeleton (Crypt:1)
  2 salamander mystics
  13 hell knights
  A storm dragon skeleton (Crypt:1)
  20 skeletal warriors
  6 glowing orange brains
  An unseen horror (D:12)
  An unseen horror (shapeshifter) (Depths:1)
  A flayed ghost (Depths:4)
  A gelid demonspawn (Depths:3)
  8 wizards
  13 deep elf archers
  7 naga ritualists
  An orc knight (Orc)
  An orange crystal statue (Depths:1)
  6 ironheart convokers
  5 cyclopes
  A golden dragon skeleton (Crypt:2)
  A wolf spider zombie (D:11)
  6 phantasmal warriors
  4 necromancers
  9 mana vipers
  An orc sorcerer (Elf:2)
  13 shining eyes
  2 oklob plants (Lair:2)
  A mana viper (shapeshifter) (Elf:3)
  56 deep elf magi
  8 harpies (Shoals:3)
  A tengu skeleton (Vaults:2)
  16 manticores
  A fire giant zombie (D:12)
  11 fauns
  A frost giant zombie (D:12)
  12 ugly things
  11 salamanders
  A faun (shapeshifter) (Vaults:3)
  3 guardian serpents
  A stone giant zombie (Zig:6)
  Joseph (Lair:1)
  10 vault sentinels
  13 moths of wrath
  2 shock serpent zombies (Crypt:2)
  An apocalypse crab (Zig:8)
  24 black mambas
  4 rust devils
  A black mamba (shapeshifter) (Depths:5)
  A stone giant skeleton (Zig:6)
  A fire giant skeleton (Crypt:2)
  A water nymph (shapeshifter) (Depths:2)
  5 elephants (Lair:3)
  5 water nymphs
  2 ice statues (IceCv)
  8 cane toads
  21 naga magi
  9 merfolk sirens
  A gargoyle (D:8)
  A shock serpent skeleton (Crypt:2)
  A torpor snail (shapeshifter) (Zig:8)
  A hellion (Zig:10)
  A centaur skeleton (D:12)
  A death yak zombie (Crypt:1)
  3 freezing wraiths
  8 komodo dragons
  A guardian mummy (Crypt:2)
  A redback zombie (D:11)
  44 yaktaurs
  3 tengu conjurers
  A yaktaur (shapeshifter) (Depths:1)
  6 trolls
  30 merfolk
  A golden dragon simulacrum (Crypt:2)
  2 red devils
  3 wind drakes
  2 large abominations
  Maurice (D:11)
  A tengu simulacrum (Vaults:1)
  14 polar bears
  2 trolls (shapeshifter)
  A raiju (Gauntlet)
  A tyrant leech (Zig:2)
  Prince Ribbit (D:8)
  13 hippogriffs
  168 slime creatures
  4 snapping turtles
  3 blink frogs (Lair:3)
  An ettin zombie (Vaults:2)
  A hornet (D:8)
  17 dream sheep
  A dream sheep (shapeshifter) (Elf:1)
  5 flying skulls (Crypt:2)
  3 shadows
  2 wyverns
  4 vampires (Crypt:2)
  An ettin skeleton (Zig:6)
  3 wraiths
  3 spriggan skeletons
  8 water elementals
  A hog (shapeshifter) (Depths:4)
  A ynoxinul (Zot:1)
  3 hogs (Lair:3)
  7 basilisks
  2 chaos spawn
  2 neqoxecs
  54 yaks
  3 fire elementals
  16 golden eyes
  2 hungry ghosts
  Grum (D:8)
  2 steam dragons (Gauntlet)
  A vampire mosquito (Zig:2)
  A steam dragon (shapeshifter) (D:11)
  A yaktaur simulacrum (Vaults:3)
  Edmund (D:5)
  An infernal demonspawn zombie (Crypt:2)
  9 crocodiles
  24 nagas
  4 wargs
  An acid dragon (D:12)
  A soldier ant (D:11)
  An acid dragon (shapeshifter) (Depths:2)
  15 water moccasins
  8 hell hounds
  A gelid demonspawn skeleton (Crypt:2)
  2 floating eyes (shapeshifter)
  10 porcupines
  A floating eye (Slime:3)
  31 orc warriors
  4 sky beasts
  An eye of draining (D:10)
  2 black bears
  A tengu (shapeshifter) (Depths:4)
  An elephant zombie (Crypt:1)
  16 centaurs
  5 ice beasts
  55 wolves
  16 ogres
  3 phantoms
  16 boggarts
  13 bullfrogs
  2 big kobolds
  4 earth elementals
  A human skeleton (Vaults:2)
  6 scorpions
  A cyclops skeleton (Crypt:2)
  A troll zombie (Crypt:2)
  11 killer bees
  A manticore simulacrum (Crypt:2)
  7 howler monkeys
  9 crimson imps
  A wolf skeleton (Crypt:2)
  5 centaur zombies
  2 quasits
  2 hounds
  6 jellies
  10 orc priests
  12 orc wizards
  2 bullfrog skeletons
  A black bear skeleton (Crypt:2)
  7 worker ants
  4 iguanas
  2 hound zombies
  2 big kobold skeletons (Crypt:2)
  2 hound skeletons
  12 mummies (Crypt:2)
  A worker ant zombie (D:8)
  A howler monkey zombie (D:5)
  A howler monkey skeleton (D:8)
  12 adders
  8 shadow imps
  13 white imps
  5 oozes
  An adder skeleton (D:8)
  4 worms
  4 dart slugs
  5 leopard geckos
  49 orcs
  2 ball pythons (D:1)
  6 giant cockroaches
  6 goblins
  9 hobgoblins
  4 jackals
  4 quokkas
  5 bats
  3 frilled lizards
  2 jackal zombies
  15 kobolds
  9 rats
  5 fungi
  22 plants
  2 withered plants (D:12)
2276 creatures vanquished.

Vanquished Creatures (others)
  Donald (Slime:2)
  3 centaur warriors
  A shadow wraith (Crypt:2)
  2 moths of wrath (Zot:5)
  A shadow (D:8)
  16 fungi
  A lurking horror (Slime:1)
  27 plants
  6 withered plants (D:12)
58 creatures vanquished.

Grand Total: 2334 creatures vanquished

Notes
Turn   | Place    | Note
-------+----------+-------------------------------------------
     0 | D:1      | Artagas the Djinni Fire Elementalist began the quest for
                  | the Orb.
     0 | D:1      | Reached XP level 1. HP: 14/14 MP: 4/4
   134 | D:1      | Reached XP level 2. HP: 7/20 MP: 1/6
   211 | D:1      | Reached skill level 4 in Fire Magic
   412 | D:1      | Learned a level 2 spell: Flaming Arrows
   552 | D:1      | Reached skill level 2 in Conjurations
   598 | D:1      | Reached XP level 3. HP: 26/26 MP: 0/8
   672 | D:1      | Learned a level 3 spell: Conjure Flame
  1535 | D:2      | Reached skill level 4 in Spellcasting
  1708 | D:2      | Gained mutation: Your spells are harder to cast, but more
                  | powerful. [Djinni growth]
  1708 | D:2      | Gained mutation: You can translocate small distances at
                  | will. [Djinni growth]
  1708 | D:2      | Reached XP level 4. HP: 33/33 MP: 8/10
  2258 | D:2      | Reached skill level 3 in Conjurations
  3004 | D:2      | Learned a level 3 spell: Inner Flame
  3174 | D:3      | Reached skill level 5 in Fire Magic
  3317 | D:3      | Reached XP level 5. HP: 38/38 MP: 3/12
  3344 | D:3      | Reached skill level 5 in Spellcasting
  3344 | D:3      | Reached skill level 1 in Fighting
  4010 | D:4      | Found Qolaif's Magic Scroll Shop.
  4010 | D:4      | Found Binwoce's Distillery.
  4022 | D:4      | Reached skill level 2 in Fighting
  4044 | D:4      | Found Reiguaze's Weapon Shop.
  4045 | D:4      | Found Micvin's Assorted Antiques.
  4048 | D:4      | Bought a scroll of blinking for 105 gold pieces
  4048 | D:4      | Bought a scroll of identify for 28 gold pieces
  4048 | D:4      | Bought a scroll of identify for 28 gold pieces
  4077 | D:4      | Reached skill level 3 in Fighting
  4363 | D:4      | Reached XP level 6. HP: 51/51 MP: 5/13
  4416 | D:4      | Reached skill level 1 in Slings
  4573 | D:4      | Noticed a sky beast
  4580 | D:4      | Killed a sky beast
  4586 | D:4      | Learned a level 4 spell: Sticky Flame
  4737 | D:4      | Found an opulent altar of Gozag.
  4832 | D:5      | Entered Level 5 of the Dungeon
  4835 | D:5      | Found Umaytzek's Weapon Emporium.
  4842 | D:5      | Reached skill level 2 in Slings
  4842 | D:5      | Reached skill level 6 in Spellcasting
  4880 | D:5      | Noticed a sky beast
  4896 | D:5      | Killed a sky beast
  4897 | D:5      | Reached skill level 3 in Slings
  4981 | D:5      | Found Natyleun's Jewellery Shop.
  4987 | D:5      | Noticed Edmund
  5031 | D:5      | Killed Edmund
  5032 | D:5      | Reached XP level 7. HP: 52/57 MP: 1/16
  5182 | D:5      | Reached skill level 4 in Slings
  5834 | D:5      | Found Sampiduc's Book Emporium.
  5893 | D:5      | Found Joakal's Assorted Antiques.
  6027 | D:5      | Found Hyqaiclu's General Store.
  6062 | D:5      | Bought a scroll of fog for 22 gold pieces
  6214 | D:6      | Reached skill level 1 in Charms
  6414 | D:6      | Reached skill level 1 in Armour
  6416 | D:6      | Gained mutation: Your spells are much harder to cast, but
                  | much more powerful. [Djinni growth]
  6416 | D:6      | Reached XP level 8. HP: 41/66 MP: 9/17
  6553 | D:6      | Reached skill level 2 in Armour
  6563 | D:6      | Reached skill level 4 in Fighting
  6604 | D:6      | Found a staircase to the Ecumenical Temple.
  6887 | D:6      | Reached skill level 4 in Conjurations
  7310 | D:6      | Reached skill level 7 in Spellcasting
  7310 | D:6      | Reached skill level 6 in Fire Magic
  7640 | D:7      | Reached skill level 5 in Conjurations
  7640 | D:7      | Reached skill level 7 in Fire Magic
  7646 | D:7      | Learned a level 5 spell: Fireball
  7784 | D:7      | Reached skill level 5 in Fighting
  7784 | D:7      | Reached XP level 9. HP: 74/74 MP: 9/19
  8129 | D:7      | Reached skill level 8 in Spellcasting
  8129 | D:7      | Reached skill level 6 in Conjurations
  8165 | D:7      | Reached skill level 8 in Fire Magic
  8165 | D:7      | Reached skill level 1 in Evocations
  8341 | D:7      | Reached skill level 2 in Evocations
  8363 | D:6      | Reached skill level 3 in Evocations
  8544 | D:7      | Reached skill level 4 in Evocations
  8580 | D:7      | Found a staircase to the Lair.
  8692 | D:7      | Got a scintillating lead ring
  8741 | D:7      | Identified the ring "Fuyceur" {rF+ rC+} (You found it on
                  | level 7 of the Dungeon)
  8784 | Temple   | Entered the Ecumenical Temple
  9068 | D:8      | Reached skill level 3 in Dodging
  9096 | D:8      | Reached skill level 4 in Dodging
  9342 | D:7      | Reached XP level 10. HP: 61/81 MP: 14/22
  9556 | D:8      | Noticed Grum
  9562 | D:8      | Killed Grum
  9563 | D:8      | Reached skill level 6 in Fighting
  9563 | D:8      | Reached skill level 9 in Spellcasting
  9566 | D:8      | Reached skill level 7 in Conjurations
  9566 | D:8      | Reached skill level 9 in Fire Magic
  9679 | D:8      | Noticed a centaur warrior
  9689 | D:8      | Killed a centaur warrior
  9690 | D:8      | Reached skill level 6 in Dodging
  9776 | D:8      | Found a radiant altar of Vehumet.
  9782 | D:8      | Found a blossoming altar of Fedhas.
  9782 | D:8      | Found a bloodstained altar of Trog.
  9825 | D:8      | Reached skill level 10 in Spellcasting
 10020 | D:8      | Noticed Prince Ribbit
 10026 | D:8      | Killed Prince Ribbit
 10073 | D:8      | Found Venile's Weapon Emporium.
 10193 | D:8      | Reached skill level 8 in Conjurations
 10264 | D:8      | Noticed a gargoyle
 10282 | D:8      | Killed a gargoyle
 10283 | D:8      | Reached skill level 10 in Fire Magic
 10363 | D:8      | Found a staircase to the Orcish Mines.
 10407 | D:8      | Reached XP level 11. HP: 66/89 MP: 12/25
 10409 | D:8      | Became a worshipper of Vehumet
 10583 | D:8      | Found a roughly hewn altar of Beogh.
 10665 | Lair:1   | Entered Level 1 of the Lair of Beasts
 10800 | Lair:1   | Noticed Joseph
 10805 | Lair:1   | Killed Joseph
 10805 | Lair:1   | Noticed a four-headed hydra
 10948 | Lair:1   | Killed a four-headed hydra
 10987 | Lair:1   | Found a frozen archway.
 11006 | IceCv    | Entered an ice cave
 11007 | IceCv    | Reached * piety under Vehumet
 11007 | IceCv    | Offered knowledge of Magic Dart by Vehumet.
 11008 | IceCv    | Reached skill level 9 in Conjurations
 11094 | IceCv    | Reached skill level 11 in Fire Magic
 11341 | IceCv    | Reached skill level 7 in Fighting
 11414 | IceCv    | Noticed a frost giant
 11428 | IceCv    | Killed a frost giant
 11429 | IceCv    | Reached skill level 8 in Fighting
 11429 | IceCv    | Reached skill level 11 in Spellcasting
 12002 | IceCv    | Reached ** piety under Vehumet
 12003 | IceCv    | Reached skill level 3 in Armour
 12045 | IceCv    | Offered knowledge of Searing Ray by Vehumet.
 12046 | IceCv    | Gained mutation: Your casting is slightly disrupted.
                  | [Djinni growth]
 12046 | IceCv    | Gained mutation: Your flesh is heat resistant. (rF+)
                  | [Djinni growth]
 12046 | IceCv    | Gained mutation: You have an increased reservoir of magic.
                  | (+10% MP) [Djinni growth]
 12046 | IceCv    | Gained mutation: You have a considerably increased
                  | reservoir of magic. (+20% MP) [Djinni growth]
 12046 | IceCv    | Reached XP level 12. HP: 103/103 MP: 20/32
 12505 | Lair:1   | Reached skill level 2 in Charms
 12669 | Lair:1   | Offered knowledge of Iskenderun's Mystic Blast by Vehumet.
 12743 | Lair:1   | Reached skill level 7 in Dodging
 12832 | Lair:1   | Found a transporter.
 12836 | Lair:1   | Noticed dscm's ghost (novice OpAc)
 12916 | Lair:1   | Found a transporter.
 12939 | Lair:1   | Reached skill level 9 in Fighting
 12939 | Lair:1   | Reached skill level 10 in Conjurations
 13028 | Lair:1   | Reached skill level 4 in Armour
 13347 | Lair:1   | Reached skill level 3 in Charms
 13719 | Lair:2   | Reached skill level 12 in Fire Magic
 13722 | Lair:2   | Found a gate leading to a gauntlet.
 13734 | Gauntlet | Entered a Gauntlet
 13734 | Gauntlet | Found a transporter.
 13734 | Gauntlet | Found a transporter.
 13740 | Gauntlet | Found a transporter.
 13747 | Gauntlet | Noticed a death yak
 13747 | Gauntlet | Noticed a death yak
 13748 | Gauntlet | Noticed a death yak
 13749 | Gauntlet | Noticed a death yak
 13750 | Gauntlet | Found a transporter.
 13750 | Gauntlet | Noticed a death yak
 13760 | Gauntlet | Found a transporter.
 13760 | Gauntlet | Found a transporter.
 13760 | Gauntlet | Noticed a green death
 13760 | Gauntlet | Noticed a great orb of eyes
 13774 | Gauntlet | Found a transporter.
 13781 | Gauntlet | Found a transporter.
 13803 | Gauntlet | Found a transporter.
 13816 | Gauntlet | Found a transporter.
 13825 | Gauntlet | Found a transporter.
 13839 | Gauntlet | Found a transporter.
 13878 | Gauntlet | Found a transporter.
 13893 | Gauntlet | Found a transporter.
 13992 | Gauntlet | Found a transporter.
 14006 | Gauntlet | Noticed a ghost crab
 14007 | Gauntlet | Found a transporter.
 14137 | Gauntlet | Got a heavily runed copper ring
 14139 | Gauntlet | Identified the ring of Fixation {+Fly MR+} (You found it in
                  | a Gauntlet)
 14185 | Gauntlet | Killed a ghost crab
 14259 | Gauntlet | Got a heavily runed zirconium amulet
 14264 | Gauntlet | Identified the amulet "Neamipla" {Rage rN+ MR+ Dex+2} (You
                  | found it in a Gauntlet)
 14296 | Gauntlet | Identified the ring "Iczumuhe" {+Fly rN++ Str-5}
 14296 | Gauntlet | Noticed a minotaur
 14308 | Gauntlet | Killed a minotaur
 14309 | Gauntlet | Reached skill level 4 in Charms
 14449 | Gauntlet | Identified the Grimoire of the Hurtful Snowflakes
 14593 | Lair:2   | Reached skill level 8 in Dodging
 14598 | Lair:2   | Reached skill level 5 in Charms
 14605 | Lair:2   | Reached *** piety under Vehumet
 15391 | Lair:3   | Noticed a death yak
 15391 | Lair:3   | Noticed a death yak
 15393 | Lair:3   | Noticed a death yak
 15395 | Lair:3   | Noticed a death yak
 15476 | Lair:3   | Noticed a six-headed hydra
 15480 | Lair:3   | Killed a six-headed hydra
 15481 | Lair:3   | Reached skill level 12 in Spellcasting
 15568 | Lair:3   | Reached skill level 10 in Fighting
 15568 | Lair:3   | Offered knowledge of Mephitic Cloud by Vehumet.
 15672 | Lair:3   | Reached XP level 13. HP: 113/113 MP: 25/34
 15837 | Lair:3   | Noticed Kirke
 16022 | Lair:3   | Reached skill level 5 in Evocations
 16057 | Lair:3   | Reached **** piety under Vehumet
 16750 | Lair:3   | Noticed a sphinx
 16754 | Lair:3   | Noticed a sphinx
 16756 | Lair:3   | Killed Kirke
 17015 | Lair:4   | Reached skill level 9 in Dodging
 17087 | Lair:4   | Reached skill level 13 in Spellcasting
 17162 | Lair:4   | Reached skill level 5 in Slings
 17184 | Lair:4   | Reached skill level 11 in Fighting
 17190 | Lair:4   | Noticed Harold
 17195 | Lair:4   | Killed Harold
 17200 | Lair:4   | Reached skill level 6 in Charms
 17201 | Lair:4   | Offered knowledge of Lightning Bolt by Vehumet.
 17412 | Lair:4   | Reached skill level 6 in Slings
 17662 | Lair:4   | Found a staircase to the Snake Pit.
 17935 | D:4      | Bought a potion of experience for 550 gold pieces
 17935 | D:4      | Reached XP level 14. HP: 125/125 MP: 36/38
 18248 | Lair:4   | Reached skill level 14 in Spellcasting
 18373 | Lair:4   | Found a staircase to the Shoals.
 18784 | Lair:5   | Reached skill level 12 in Fighting
 18836 | Lair:5   | Got a slimy plate armour
 19300 | Lair:5   | Reached skill level 1 in Shields
 19666 | Lair:6   | Entered Level 6 of the Lair of Beasts
 19929 | Lair:6   | Found a viscous altar of Jiyva.
 19929 | Lair:6   | Found a staircase to the Slime Pits.
 19929 | Lair:6   | Found a viscous altar of Jiyva.
 20169 | Lair:6   | Reached skill level 2 in Shields
 20535 | Lair:6   | Reached XP level 15. HP: 99/133 MP: 26/39
 21067 | Lair:6   | Learned a level 5 spell: Lightning Bolt
 21337 | Lair:6   | Reached skill level 5 in Armour
 21369 | Lair:6   | Reached skill level 1 in Air Magic
 21375 | Lair:6   | Reached skill level 3 in Shields
 21570 | Lair:6   | Reached skill level 2 in Air Magic
 21623 | Lair:6   | Identified the +6 plate armour "Vecinlal" {+Inv rPois rC++
                  | MR+} (You found it on level 5 of the Lair of Beasts)
 21917 | Lair:1   | Killed dscm's ghost
 21917 | Lair:1   | Reached ***** piety under Vehumet
 22166 | D:4      | Bought a potion of curing for 27 gold pieces
 22166 | D:4      | Bought a potion of haste for 110 gold pieces
 22166 | D:4      | Bought a potion of curing for 27 gold pieces
 22166 | D:4      | Bought a potion of heal wounds for 55 gold pieces
 22166 | D:4      | Bought a potion of brilliance for 44 gold pieces
 22267 | D:9      | Offered knowledge of Poison Arrow by Vehumet.
 22548 | D:9      | Found an ornate altar of the Wu Jian Council.
 22585 | D:9      | Reached skill level 3 in Air Magic
 23295 | D:10     | Entered Level 10 of the Dungeon
 23477 | D:10     | Reached skill level 10 in Dodging
 24308 | D:11     | Reached skill level 4 in Shields
 24308 | D:11     | Reached skill level 15 in Spellcasting
 24308 | D:11     | Reached skill level 4 in Air Magic
 24312 | D:11     | Found a gate to the Vaults.
 24511 | D:11     | Found Biyras Ife's Food Emporium.
 24697 | D:11     | Found Fonirpho's General Store.
 24725 | D:11     | Reached skill level 6 in Armour
 24795 | D:11     | Reached skill level 13 in Fighting
 24930 | D:11     | Bought a potion of lignification for 42 gold pieces
 24930 | D:11     | Bought a scroll of identify for 28 gold pieces
 24930 | D:11     | Bought a scroll of identify for 28 gold pieces
 25308 | D:11     | Noticed Nergalle
 25313 | D:11     | Killed Nergalle
 25372 | D:11     | Found Poham's Food Boutique.
 25378 | D:11     | Offered knowledge of Orb of Destruction by Vehumet.
 25387 | D:11     | Learned a level 7 spell: Orb of Destruction
 25413 | D:11     | Got a slimy flail
 25458 | D:11     | Found Dihid's Antique Weapon Emporium.
 25528 | D:11     | Found a sparkling altar of Nemelex Xobeh.
 25560 | D:11     | Noticed Maurice
 25564 | D:11     | Reached skill level 5 in Air Magic
 25567 | D:11     | Killed Maurice
 25903 | Orc      | Entered the Orcish Mines
 25903 | Orc      | Noticed Snorg
 25905 | Orc      | Killed Snorg
 25906 | Orc      | Reached skill level 5 in Shields
 26021 | Orc      | Reached skill level 6 in Air Magic
 26431 | Orc      | Noticed Nessos
 26436 | Orc      | Killed Nessos
 26526 | Orc      | Found a staircase to the Elven Halls.
 26685 | Orc      | Reached skill level 6 in Shields
 26685 | Orc      | Reached skill level 7 in Air Magic
 26747 | Orc      | Found Xuzank's Gadget Emporium.
 26747 | Orc      | Found Xoineuts's Magic Scroll Boutique.
 26747 | Orc      | Found Oruxux's Book Shop.
 26750 | Orc      | Found Aliolaq's Food Shoppe.
 26755 | Orc      | Bought a scroll of blinking for 105 gold pieces
 26755 | Orc      | Bought a scroll of fog for 28 gold pieces
 26755 | Orc      | Bought a scroll of teleportation for 42 gold pieces
 26755 | Orc      | Bought a scroll of teleportation for 42 gold pieces
 26755 | Orc      | Bought a scroll of fog for 28 gold pieces
 26928 | Orc      | Found a burning altar of Makhleb.
 27061 | Orc      | Upgraded the game from bcrawl-1.31.1b to bcrawl-1.31.2
 27186 | D:12     | Entered Level 12 of the Dungeon
 27219 | D:12     | Reached skill level 8 in Air Magic
 27389 | D:12     | Found a faded altar of an unknown god.
 27389 | D:12     | Found a faded altar of an unknown god.
 27392 | D:12     | Found a hazy altar of Hepliaklqana.
 27392 | D:12     | Found a faded altar of an unknown god.
 27627 | D:12     | Reached skill level 9 in Air Magic
 27627 | D:12     | Reached XP level 16. HP: 143/143 MP: 33/42
 27716 | D:12     | Found a staircase to the Depths.
 27722 | D:12     | Reached skill level 11 in Dodging
 28757 | Shoals:1 | Entered Level 1 of the Shoals
 28764 | Shoals:1 | Reached skill level 12 in Dodging
 28832 | Shoals:1 | Reached skill level 13 in Dodging
 29639 | Shoals:2 | Reached skill level 11 in Conjurations
 29666 | Shoals:2 | Reached ****** piety under Vehumet
 29792 | Shoals:2 | Identified a scroll of acquirement
 29796 | Shoals:2 | Identified the ring of Lesser Demons {*Corrode rElec MP+9
                  | Str+2 Dex+8} (You acquired it on level 2 of the Shoals)
 30008 | Shoals:2 | Offered knowledge of Bolt of Draining by Vehumet.
 30629 | Shoals:3 | Entered Level 3 of the Shoals
 30646 | Shoals:3 | Reached skill level 12 in Conjurations
 30998 | Shoals:3 | Noticed Ilsuiw
 31068 | Shoals:3 | Reached skill level 14 in Dodging
 31202 | Shoals:3 | Reached skill level 13 in Conjurations
 31209 | Shoals:3 | Killed Ilsuiw
 31478 | Shoals:3 | Reached skill level 15 in Dodging
 31601 | Shoals:3 | Got a pitted jade ring
 31762 | Shoals:3 | Reached XP level 17. HP: 149/149 MP: 42/43
 31855 | Shoals:3 | Offered knowledge of Irradiate by Vehumet.
 31968 | Shoals:2 | Learned a level 5 spell: Irradiate
 31994 | Shoals:3 | Reached skill level 1 in Transmutations
 32160 | Shoals:3 | Found Xasmeaci's Antique Weapon Shoppe.
 32185 | Shoals:3 | Reached skill level 2 in Transmutations
 32275 | Shoals:3 | Reached skill level 16 in Spellcasting
 32422 | Shoals:3 | Got a glimmering rapier
 32431 | Shoals:3 | Reached skill level 3 in Transmutations
 32754 | Shoals:3 | Identified the ring of Lady Luck {*Corrode rPois rN+ Str+5}
                  | (You found it on level 3 of the Shoals)
 32754 | Shoals:3 | Identified the +7 rapier of Voluizol {pain, rF+ Int+2
                  | Stlth+} (You found it on level 3 of the Shoals)
 32754 | Shoals:3 | Got a barnacled rune of Zot
 33014 | Shoals:3 | Reached skill level 14 in Conjurations
 33174 | Snake:1  | Entered Level 1 of the Snake Pit
 33178 | Snake:1  | Reached skill level 4 in Transmutations
 33266 | Snake:1  | Reached skill level 5 in Transmutations
 33548 | Snake:1  | Reached skill level 6 in Transmutations
 33654 | Snake:1  | Noticed Azrael
 33660 | Snake:1  | Killed Azrael
 34900 | Snake:2  | Reached skill level 16 in Dodging
 35537 | Snake:2  | Offered knowledge of Bolt of Cold by Vehumet.
 35921 | Snake:3  | Entered Level 3 of the Snake Pit
 35968 | Snake:3  | Reached skill level 15 in Conjurations
 36468 | Snake:3  | Gained mutation: You can hurl hellfire. [Djinni growth]
 36468 | Snake:3  | Reached XP level 18. HP: 157/157 MP: 35/46
 36870 | Snake:3  | Reached skill level 14 in Fighting
 36870 | Snake:3  | Reached skill level 17 in Spellcasting
 37063 | Snake:3  | Offered knowledge of Iron Shot by Vehumet.
 37111 | Snake:3  | Reached skill level 7 in Armour
 37677 | Snake:3  | Reached skill level 8 in Armour
 37732 | Snake:3  | Got a serpentine rune of Zot
 38076 | Snake:3  | Noticed Mara
 38084 | Snake:3  | Noticed Artagas's illusion
 38085 | Snake:3  | Killed Mara
 38356 | Vaults:1 | Entered Level 1 of the Vaults
 38387 | Vaults:1 | Reached skill level 16 in Conjurations
 39153 | Vaults:1 | Reached skill level 7 in Shields
 39656 | Vaults:1 | Reached skill level 9 in Armour
 40012 | Vaults:2 | Reached skill level 8 in Shields
 40112 | Vaults:2 | Reached XP level 19. HP: 167/167 MP: 48/48
 40500 | Vaults:2 | Noticed Agnes
 40500 | Vaults:2 | Noticed Frederick
 40624 | Vaults:2 | Reached skill level 18 in Spellcasting
 40805 | Vaults:2 | Offered knowledge of Bolt of Fire by Vehumet.
 40815 | Vaults:2 | Learned a level 6 spell: Bolt of Fire
 41042 | Vaults:2 | Killed Agnes
 41207 | Vaults:2 | Reached skill level 15 in Fighting
 41377 | Vaults:2 | Found a staircase to the Crypt.
 41377 | Vaults:2 | Found a basalt altar of Yredelemnul.
 41378 | Vaults:2 | Found an ancient bone altar of Kikubaaqudgha.
 41489 | Vaults:2 | Killed Frederick
 41490 | Vaults:2 | Reached skill level 13 in Fire Magic
 41707 | Vaults:2 | Reached skill level 6 in Evocations
 41993 | Vaults:2 | Identified the +2 scale mail of Ebiz {-Tele Regen+ Int+5}
 42111 | Vaults:2 | Found Etig's Food Boutique.
 42501 | Elf:1    | Entered Level 1 of the Elven Halls
 42588 | Elf:1    | Reached skill level 7 in Evocations
 42636 | Elf:1    | Identified Nieshrar's Guide on Summoning
 42659 | Elf:1    | Reached skill level 14 in Fire Magic
 42898 | Elf:1    | Found Reighid's Retail Resort.
 42954 | Elf:1    | Identified the +8 dagger of Buwkut {flame, +Blink rF- Str+4
                  | Int+4}
 43333 | Elf:1    | Noticed Frances
 43339 | Elf:1    | Killed Frances
 43720 | D:5      | Bought a flickering tin amulet for 135 gold pieces
 43720 | D:5      | Identified the amulet "Kevennekh" {Reflect rC+ MR+ Str+4
                  | SH+2 Stlth+} (You bought it in a shop on level 5 of the
                  | Dungeon)
 44469 | Elf:2    | Found a runed gate.
 44469 | Elf:2    | Found a runed gate.
 44470 | Elf:2    | Found a runed gate.
 44571 | Elf:2    | Reached skill level 19 in Spellcasting
 44776 | Elf:3    | Entered Level 3 of the Elven Halls
 44911 | Elf:3    | Reached XP level 20. HP: 174/178 MP: 44/51
 44948 | Elf:3    | Offered knowledge of Glaciate by Vehumet.
 44948 | Elf:3    | Offered knowledge of Chain Lightning by Vehumet.
 44948 | Elf:3    | Offered knowledge of Ignition by Vehumet.
 45061 | Elf:3    | Reached skill level 15 in Fire Magic
 45070 | Elf:3    | Learned a level 8 spell: Ignition
 45702 | Elf:3    | Reached skill level 16 in Fire Magic
 45721 | Elf:3    | Identified the ring of Pungom {rPois rF+ MR+ EV+1 Int-5}
 46198 | Elf:3    | Reached skill level 17 in Fire Magic
 46281 | Elf:3    | Identified the ring "Vingees" {rC+ rN+ Int+4}
 46283 | Elf:3    | Identified the ring of Ytwas {Wiz rPois MR- Str+3 Dex+6}
 46283 | Elf:3    | Identified the cursed ring "Mauqeriz" {rF+ rC- Str+7 Int+3}
 46364 | Elf:3    | Identified the +4 battleaxe of Domination {speed, rN+
                  | Int+3}
 46364 | Elf:3    | Identified the ring of Masapt {*Slow +Fly rC+++ Int-4
                  | Stlth++}
 46537 | Elf:3    | Identified the ring "Tirefazu" {Ice *Contam Str+6 Dex+4}
 46640 | Elf:3    | Identified the +10 plate armour of the Heron {rElec MR-
                  | Regen+ Str+9}
 46678 | Elf:3    | Identified Sif Muna's Papyrus of Summoning and Venom
 46919 | Elf:2    | Reached skill level 18 in Fire Magic
 47703 | D:11     | Bought a scroll of magic mapping for 49 gold pieces
 47858 | Crypt:1  | Entered Level 1 of the Crypt
 47960 | Crypt:1  | Reached skill level 20 in Spellcasting
 49627 | Crypt:2  | Entered Level 2 of the Crypt
 49686 | Crypt:2  | Reached XP level 21. HP: 184/184 MP: 54/54
 49703 | Crypt:2  | Reached skill level 10 in Armour
 50085 | Crypt:2  | Reached skill level 19 in Fire Magic
 50110 | Crypt:2  | Noticed a profane servitor
 50117 | Crypt:2  | Killed a profane servitor
 50123 | Crypt:2  | Reached skill level 11 in Armour
 50194 | Crypt:2  | Found a basalt altar of Yredelemnul.
 50197 | Crypt:2  | Identified the ring "Quxastu" {Ice Dex+2}
 50202 | Crypt:2  | Found an ancient bone altar of Kikubaaqudgha.
 50249 | Crypt:2  | Identified the amulet of Xom's Fair Game {Acrobat rF+}
 50737 | Crypt:2  | Noticed Margery
 50754 | Crypt:2  | Killed Margery
 51105 | Crypt:2  | Found a staircase to the Tomb.
 51716 | Slime:1  | Entered Level 1 of the Pits of Slime
 51720 | Slime:1  | Reached skill level 20 in Fire Magic
 52117 | Slime:1  | Found a corrupted altar of Lugonu.
 52121 | Slime:1  | Found a one-way gate to the infinite horrors of the Abyss.
 52742 | Slime:2  | Killed Donald
 52831 | Slime:3  | Reached skill level 21 in Fire Magic
 53290 | Slime:4  | Reached XP level 22. HP: 192/192 MP: 48/55
 53672 | Slime:5  | Entered Level 5 of the Pits of Slime
 53675 | Slime:5  | Reached skill level 22 in Fire Magic
 53691 | Slime:5  | Noticed the Royal Jelly
 53693 | Slime:5  | Killed the Royal Jelly
 53786 | Slime:5  | Reached skill level 23 in Fire Magic
 53948 | Slime:5  | Identified the +5 scimitar of Vaixadio {vamp, MR+ Int+4
                  | Dex+4}
 53951 | Slime:5  | Identified the +4 scale mail "Joocekk" {+Blink rPois rF-
                  | Str+3}
 53952 | Slime:5  | Identified the cursed ring "Cisahaep" {Slay+2 Stlth--}
 53978 | Slime:5  | Identified the ring "Boenwum" {rC+ rN+ Slay+3}
 54004 | Slime:5  | Identified the +8 rapier of the Foremost Tales {pierce,
                  | rElec Str+2}
 54006 | Slime:5  | Got a slimy rune of Zot
 54676 | Vaults:3 | Entered Level 3 of the Vaults
 54678 | Vaults:3 | Reached skill level 16 in Fighting
 54679 | Vaults:3 | Reached skill level 17 in Fighting
 54687 | Vaults:3 | Reached skill level 18 in Fighting
 54700 | Vaults:3 | Reached skill level 19 in Fighting
 54785 | Vaults:3 | Noticed a golden dragon
 54854 | Vaults:3 | Killed a golden dragon
 55161 | Vaults:3 | Reached XP level 23. HP: 215/215 MP: 36/56
 55314 | Vaults:3 | Noticed a juggernaut
 55329 | Vaults:3 | Killed a juggernaut
 55330 | Vaults:3 | Reached skill level 20 in Fighting
 55961 | Vaults:3 | Noticed a juggernaut
 55966 | Vaults:3 | Identified the cursed +1 halberd of the Many Spirits
                  | {drain, rElec rPois MR+}
 55968 | Vaults:3 | Killed a juggernaut
 56098 | Vaults:3 | Reached skill level 21 in Spellcasting
 56385 | Vaults:3 | Found Exofej's Distillery.
 56390 | Vaults:3 | Bought a potion of heal wounds for 95 gold pieces
 56390 | Vaults:3 | Bought a potion of heal wounds for 95 gold pieces
 56390 | Vaults:3 | Bought a potion of resistance for 190 gold pieces
 56390 | Vaults:3 | Bought a potion of curing for 47 gold pieces
 56390 | Vaults:3 | Bought a potion of heal wounds for 95 gold pieces
 56390 | Vaults:3 | Bought a potion of heal wounds for 95 gold pieces
 56390 | Vaults:3 | Bought a potion of mutation for 152 gold pieces
 56706 | Vaults:3 | Noticed a juggernaut
 56715 | Vaults:3 | Killed a juggernaut
 56917 | Vaults:3 | Found Luef's Armour Shoppe.
 56950 | Vaults:3 | Got a silver rune of Zot
 57216 | Vaults:3 | Found Gyecvoph's Food Shoppe.
 57216 | Vaults:3 | Found Xigirara's Food Boutique.
 57227 | Vaults:3 | Found Nanuch's Distillery.
 57235 | Vaults:3 | Bought a potion of heal wounds for 55 gold pieces
 57235 | Vaults:3 | Bought a potion of heal wounds for 55 gold pieces
 57235 | Vaults:3 | Bought a potion of haste for 110 gold pieces
 57235 | Vaults:3 | Bought a potion of resistance for 110 gold pieces
 57387 | Depths:1 | Entered Level 1 of the Depths
 57390 | Depths:1 | Reached skill level 24 in Fire Magic
 57545 | Orc      | Bought a book of Fire for 910 gold pieces
 57697 | D:11     | Bought a crude dagger for 217 gold pieces
 57697 | D:11     | Identified the +4 dagger of Resumed Hostilities {venom,
                  | Int+4 Dex+2} (You bought it in a shop on level 11 of the
                  | Dungeon)
 57910 | D:5      | Bought a potion of mutation for 216 gold pieces
 57910 | D:5      | Bought a scroll of teleportation for 81 gold pieces
 58172 | Shoals:3 | Bought an encrusted dagger for 259 gold pieces
 58172 | Shoals:3 | Identified the cursed +1 dagger of Anxiety {elec, *Drain
                  | rN+ Int+4} (You bought it in a shop on level 3 of the
                  | Shoals)
 58423 | D:4      | Bought a bloodstained long sword for 255 gold pieces
 58423 | D:4      | Identified the cursed +1 long sword "Doarofyfro" {protect,
                  | MR+ MP+9 Int+5} (You bought it in a shop on level 4 of the
                  | Dungeon)
 58423 | D:4      | Bought a scroll of teleportation for 90 gold pieces
 58710 | Depths:1 | Found Diur's Food Shop.
 58723 | Depths:1 | Found Ibriozy's Assorted Antiques.
 59385 | Depths:1 | Reached skill level 17 in Dodging
 59541 | Depths:1 | Found a runed door.
 59941 | Depths:1 | Identified the +1 scale mail of Insecurity {+Fly rElec
                  | Dex+3}
 59966 | Depths:1 | Found a gateway to Hell.
 60033 | Depths:1 | Identified the +5 flail of Checkmate {antimagic, rC+ Int+4}
 60311 | Depths:1 | Identified Woabeu's Catalogue of Beguiling
 60317 | Depths:1 | Identified the +7 mace of Corruption {protect, rC+ rN+}
 60719 | Depths:2 | Reached skill level 18 in Dodging
 60758 | Depths:2 | Reached XP level 24. HP: 224/224 MP: 33/57
 61933 | Depths:2 | Reached skill level 25 in Fire Magic
 62424 | Depths:3 | Reached skill level 10 in Air Magic
 62523 | Depths:3 | Noticed a Killer Klown
 62525 | Depths:3 | Killed a Killer Klown
 62526 | Depths:3 | Reached skill level 11 in Air Magic
 62669 | Depths:3 | Reached skill level 12 in Air Magic
 62919 | Depths:3 | Reached skill level 13 in Air Magic
 62941 | Depths:3 | Found Umeress's Serpentskin Sales.
 63431 | Depths:3 | Found a one-way gate leading to the halls of Pandemonium.
 63499 | Depths:3 | Reached skill level 14 in Air Magic
 63883 | Depths:3 | Learned a level 8 spell: Chain Lightning
 63902 | Depths:4 | Noticed a juggernaut
 63910 | Depths:3 | Killed a juggernaut
 63911 | Depths:3 | Reached skill level 15 in Air Magic
 64108 | Depths:4 | Noticed an ancient lich
 64112 | Depths:4 | Killed an ancient lich
 64113 | Depths:4 | Reached skill level 16 in Air Magic
 64113 | Depths:4 | Reached XP level 25. HP: 221/231 MP: 34/57
 64383 | Depths:4 | Reached skill level 17 in Air Magic
 64742 | Depths:4 | Identified the +5 scimitar "Yfuif" {drain, Dex+4}
 65219 | Depths:4 | Noticed a golden dragon
 65230 | Depths:4 | Killed a golden dragon
 65383 | Depths:4 | Identified the cursed +1 dagger "Vopsonose" {drain, *Slow
                  | rN+ Str+5}
 66248 | Depths:5 | Entered Level 5 of the Depths
 66522 | Depths:5 | Noticed a Killer Klown
 66531 | Depths:5 | Killed a Killer Klown
 66532 | Depths:5 | Reached skill level 18 in Air Magic
 66677 | Depths:5 | Noticed a golden dragon
 66785 | Depths:5 | Reached skill level 22 in Spellcasting
 66786 | Depths:5 | Reached skill level 17 in Conjurations
 68057 | Orc      | Bought a scroll of enchant armour for 105 gold pieces
 68369 | Depths:5 | Reached skill level 8 in Evocations
 68444 | Depths:5 | Found a gateway to a ziggurat.
 68557 | Depths:5 | Reached skill level 9 in Evocations
 68585 | Depths:5 | Killed a golden dragon
 68710 | Zig:1    | Entered Level 1 of a ziggurat
 68713 | Zig:1    | Identified the +5 short sword of the Blessed Realm {pierce,
                  | +Rage}
 68725 | Zig:2    | Entered Level 2 of a ziggurat
 68728 | Zig:2    | Reached skill level 10 in Evocations
 68740 | Zig:3    | Entered Level 3 of a ziggurat
 68785 | Zig:4    | Entered Level 4 of a ziggurat
 68818 | Zig:4    | Identified the ring "Qodexuich" {Wiz +Inv} (You acquired it
                  | on level 4 of a ziggurat)
 68934 | Zig:5    | Entered Level 5 of a ziggurat
 69044 | Zig:6    | Entered Level 6 of a ziggurat
 69070 | Zig:6    | Identified the +5 mace of Experimentation {crush, rC+++ rN+
                  | MR+}
 69079 | Zig:6    | Identified the +10 scale mail "Vurchaudod" {*Corrode rPois
                  | Int+6 Dex+4}
 69085 | Zig:7    | Entered Level 7 of a ziggurat
 69231 | Zig:8    | Entered Level 8 of a ziggurat
 69235 | Zig:8    | Noticed a Killer Klown
 69238 | Zig:8    | Killed a Killer Klown
 69239 | Zig:8    | Reached XP level 26. HP: 209/239 MP: 56/59
 69255 | Zig:8    | Identified the ring of Udop {rElec rPois Int-5 Dex+2} (You
                  | acquired it on level 8 of a ziggurat)
 69265 | Zig:8    | Identified the Catalogue of Attacks
 69302 | Zig:9    | Entered Level 9 of a ziggurat
 69340 | Zig:10   | Entered Level 10 of a ziggurat
 69346 | Zig:10   | Noticed Zuttaoff the pandemonium lord
 69357 | Zig:10   | HP: 25/239 [??? (22)]
 69868 | Depths:5 | Found a gate to the Realm of Zot.
 69959 | Depths:5 | Found a runed door.
 70045 | Depths:5 | Found a runed door.
 70071 | Depths:5 | Found a runed door.
 70130 | Depths:5 | Found a runed door.
 70618 | Zot:1    | Entered Level 1 of the Realm of Zot
 70723 | Zot:1    | Reached skill level 19 in Air Magic
 70731 | Zot:1    | Reached skill level 18 in Conjurations
 70812 | Zot:1    | Reached skill level 23 in Spellcasting
 70812 | Zot:1    | Reached skill level 7 in Slings
 71166 | Zot:1    | Noticed a golden dragon
 71219 | Zot:1    | Killed a golden dragon
 71220 | Zot:1    | Reached skill level 8 in Slings
 71401 | Zot:1    | Reached skill level 21 in Fighting
 71759 | Zot:1    | Reached skill level 9 in Slings
 72223 | Zot:1    | Reached skill level 22 in Fighting
 72236 | Zot:1    | Reached skill level 10 in Slings
 73470 | Zot:2    | Found a runed door.
 73496 | Zot:2    | Noticed a golden dragon
 73505 | Zot:2    | Found a runed door.
 73505 | Zot:2    | Found a runed door.
 73505 | Zot:2    | Found a runed door.
 73505 | Zot:2    | Found a runed door.
 73531 | Zot:2    | Reached skill level 11 in Slings
 73767 | Zot:2    | Killed a golden dragon
 73768 | Zot:2    | Reached XP level 27. HP: 212/256 MP: 31/60
 73872 | Zot:2    | Reached skill level 23 in Fighting
 74020 | Zot:2    | Found a runed door.
 74022 | Zot:2    | Found a runed door.
 74108 | Zot:2    | Reached skill level 12 in Slings
 74328 | Zot:2    | Found a runed door.
 74332 | Zot:2    | Found a runed door.
 74527 | Zot:2    | Found a runed door.
 74863 | Zot:4    | Reached skill level 13 in Slings
 75045 | Zot:5    | Entered Level 5 of the Realm of Zot
 75902 | Zot:5    | Noticed an orb of fire
 75903 | Zot:5    | Gained mutation: You are clumsy. (Dex -2) [an orb of fire]
 75906 | Zot:5    | Gained mutation: You are dopey. (Int -2) [an orb of fire]
 75909 | Zot:5    | Gained mutation: Your body sometimes deteriorates upon
                  | taking damage. [an orb of fire]
 75910 | Zot:5    | Killed an orb of fire
 75911 | Zot:5    | Reached skill level 20 in Air Magic
 75913 | Zot:5    | Reached skill level 19 in Conjurations
 76083 | Zot:5    | Noticed an orb of fire
 76087 | Zot:5    | Killed an orb of fire
 76280 | Zot:5    | Noticed an ancient lich
 76287 | Zot:5    | Killed an ancient lich
 76446 | Zot:5    | Noticed an orb of fire
 76639 | Zot:5    | Noticed an orb of fire
 76643 | Zot:5    | Killed an orb of fire
 76842 | Zot:5    | Reached skill level 12 in Armour
 76869 | Zot:5    | Noticed an orb of fire
 76952 | Zot:5    | Noticed an ancient lich
 76957 | Zot:5    | Killed an ancient lich
 77140 | Zot:5    | Killed an orb of fire
 77163 | Zot:5    | Killed an orb of fire
 77213 | Zot:5    | Noticed an orb of fire
 77225 | Zot:5    | Killed an orb of fire
 77226 | Zot:5    | Reached skill level 19 in Dodging
 77412 | Zot:5    | Noticed an orb of fire
 77417 | Zot:5    | Gained mutation: Your body often deteriorates upon taking
                  | damage. [an orb of fire]
 77419 | Zot:5    | Killed an orb of fire
 77420 | Zot:5    | Reached skill level 13 in Armour
 77423 | Zot:5    | Noticed an orb of fire
 77437 | Zot:5    | Killed an orb of fire
 77757 | Zot:5    | Noticed an ancient lich
 78268 | Zot:5    | Noticed an ancient lich
 78273 | Zot:5    | Killed an ancient lich
 78274 | Zot:5    | Reached skill level 20 in Dodging
 78274 | Zot:5    | Killed an ancient lich
 78580 | Zot:5    | Reached skill level 24 in Spellcasting
 78677 | Zot:5    | Got the Orb of Zot
 79041 | D:12     | Noticed Paubudus the pandemonium lord
 79044 | D:12     | Killed Paubudus the pandemonium lord
 79045 | D:12     | Lost mutation: You are clumsy. (Dex -2) [potion of
                  | mutation]
 79045 | D:12     | Lost mutation: Your body often deteriorates upon taking
                  | damage. [potion of mutation]
 79045 | D:12     | Gained mutation: You are somewhat resistant to further
                  | mutation. [potion of mutation]
 79048 | D:12     | Lost mutation: You are dopey. (Int -2) [potion of mutation]
 79048 | D:12     | Lost mutation: Your body sometimes deteriorates upon taking
                  | damage. [potion of mutation]
 79048 | D:12     | Gained mutation: You have a pair of small antennae on your
                  | head. [potion of mutation]
 79052 | D:11     | Lost mutation: You have a pair of small antennae on your
                  | head. [potion of mutation]
 79052 | D:11     | Lost mutation: You are somewhat resistant to further
                  | mutation. [potion of mutation]
 79052 | D:11     | Gained mutation: Your body sometimes deteriorates upon
                  | taking damage. [potion of mutation]
 79052 | D:11     | Gained mutation: You are partially covered in molten
                  | scales. (AC +2) [potion of mutation]
 79164 | D:6      | Noticed Ymmelus the pandemonium lord
 79173 | D:6      | Killed Ymmelus the pandemonium lord
 79294 | D:1      | Reached skill level 26 in Fire Magic
 79324 | D:$      | Escaped with the Orb!

Skill      XL: |  1  2  3  4  5  6  7  8  9 10 11 12 13 14 15 16 17 18 19 20 21 22 23 24 25 26 27 |
---------------+----------------------------------------------------------------------------------+-----
Fire Magic     | 4 5 7 8 10 11 12 14 18 21 23 24 25 26 | 26.0
Conjurations   | 2 3 5 6 8 9 10 13 15 16 17 18 19 | 19.0
Spellcasting   | 4 5 6 7 8 10 11 12 13 14 15 16 17 19 20 21 22 23 24 | 24.0
Fighting       | 3 5 6 8 10 11 12 13 14 15 19 20 22 23 | 23.0
Slings         | 3 4 6 11 13 | 13.0
Charms         | 1 5 6 |  6.0
Armour         | 1 2 3 4 6 9 11 13 | 13.0
Evocations     | 4 5 7 10 | 10.0
Dodging        | 4 6 8 9 10 15 16 18 20 | 20.0
Shields        | 2 6 8 |  8.0
Air Magic      | 9 16 18 19 20 | 20.0
Transmutations | 6 |  6.0
Throwing       | |  0.1
Stealth        | |  1.9

Action                   |  1- 3 |  4- 6 |  7- 9 | 10-12 | 13-15 | 16-18 | 19-21 | 22-24 | 25-27 || total
-------------------------+-------+-------+-------+-------+-------+-------+-------+-------+-------++-------
Melee: Unarmed           |     1 |       |       |       |     1 |       |       |       |       ||     2
       Dagger            |       |     7 |       |       |       |       |       |       |       ||     7
       Flail             |       |       |     1 |       |       |       |       |       |       ||     1
       Staff             |       |       |       |       |     3 |     3 |     1 |       |     2 ||     9
 Fire: Hunting sling     |       |   126 |   287 |   392 |   326 |   126 |     1 |       |     1 ||  1259
       Fustibalus        |       |       |       |       |       |       |       |       |    59 ||    59
Throw: Stone             |    23 |    17 |     4 |       |       |       |       |       |       ||    44
       Tomahawk          |       |       |       |     1 |     5 |     5 |       |       |       ||    11
 Cast: Flame Tongue      |    41 |    27 |    14 |    21 |       |       |       |       |       ||   103
       Flaming Arrows    |     6 |    28 |    40 |    72 |    61 |    21 |     4 |       |     8 ||   240
       Conjure Flame     |       |    14 |    10 |    30 |     7 |       |       |       |       ||    61
       Sticky Flame      |       |       |     8 |    15 |    33 |     7 |       |       |       ||    63
       Inner Flame       |       |       |     2 |     7 |     5 |       |       |       |       ||    14
       Fireball          |       |       |       |    35 |   206 |   260 |    46 |       |       ||   547
       Lightning Bolt    |       |       |       |       |    13 |   300 |    87 |    57 |       ||   457
       Irradiate         |       |       |       |       |       |     7 |    35 |    22 |    29 ||    93
       Bolt of Fire      |       |       |       |       |       |       |   353 |   283 |   179 ||   815
       Orb of Destructio |       |       |       |       |       |       |    21 |    59 |    51 ||   131
       Ignition          |       |       |       |       |       |       |    48 |   100 |   123 ||   271
       Chain Lightning   |       |       |       |       |       |       |       |    11 |   237 ||   248
 Abil: Blink             |       |       |     8 |     5 |    17 |     7 |     2 |     4 |     2 ||    45
       Hurl Hellfire     |       |       |       |       |       |       |     1 |       |       ||     1
Evoke: Wand              |       |     1 |     5 |     1 |     1 |       |     3 |     2 |    27 ||    40
       Lamp of fire      |       |       |       |       |       |       |     1 |       |       ||     1
       Lightning rod     |       |       |       |       |       |       |       |       |     5 ||     5
       Sack of spiders   |       |       |       |       |       |       |       |       |     1 ||     1
  Use: Scroll            |       |     4 |    15 |     2 |    10 |     2 |     9 |     5 |    22 ||    69
       Potion            |       |       |     2 |       |     1 |       |     2 |     1 |    21 ||    27
  Eat: Chunk             |     5 |    13 |    13 |    33 |    47 |    28 |    34 |    11 |    28 ||   212
       Ration            |       |     1 |     4 |     2 |     2 |     7 |     7 |    10 |    15 ||    48
Armor: Robe              |    10 |     5 |     1 |       |       |       |       |       |       ||    16
       Leather armour    |       |       |    35 |    11 |    36 |     3 |       |       |       ||    85
       Acid dragon scale |       |       |       |       |       |    30 |    47 |    71 |   242 ||   390
Dodge: Dodged            |    30 |    16 |    79 |   154 |   179 |   234 |   116 |    71 |   164 ||  1043
Block: Buckler           |       |       |       |       |    35 |    81 |    50 |    37 |    75 ||   278
       Reflection        |       |       |       |       |       |       |     7 |    10 |     4 ||    21

Levels and vault maps discovered:
D:1:      onia_arrival_handbag, layout_basic
D:2:      minmay_razor_zed, layout_basic, first_ration, minmay_liquid_box
D:3:      layout_loops_ring
D:4:      layout_basic, kennysheep_little_box, minmay_shop_grid_forest
D:5:      layout_loops_ring, serial_shops, nicolae_shop_statue_plus,
          kennysheep_mini, shop, shop_statue, nicolae_shop_window_shopping,
          uniq_edmund
D:6:      layout_rooms, minmay_temple_entry_from_below_a
D:7:      layout_rooms, grunt_lair_entry_orc_guard_hut
D:8:      layout_cave_pools, chequers_temple_overflow_statue_of_worship,
          minmay_orc_entry_temple_small, serial_shops, shop, kb_rosetta,
          uniq_grum, uniq_prince_ribbit1
D:9:      layout_loops_ring, lemuel_crystal_altar, grunt_ogre_cave
D:10:     layout_gridville, hangedman_decor_push, kennysheep_generic_room_10
D:11:     layout_stronghold, erik_vaults_1, basic_altar, serial_shops,
          kennysheep_mini_moat, shop, shop_fountains, nicolae_shop_waterfront,
          hangedman_decor_growths, uniq_nergalle, uniq_maurice
D:12:     gammafunk_depths_entry_grave, layout_basic,
          nicolae_hepliaklqana_ecumenical_no_more, eino_tiny_chamber
Temple:   eino_narrow_crystal_temple
Lair:1:   layout_cave_pods, gammafunk_ghost_arena, portal_ice_cave_entry_imps,
          grunt_forest_large_clearings, lemuel_fruit_tree, uniq_joseph
Lair:2:   layout_hall_layers, gauntlet_entry_generic, serial_bayou_pond_c,
          lemuel_old_faithful, minmay_lair_oklob_chamber, lemuel_fruit_fields,
          grunt_megastairs_3, lemuel_fruit_fields
Lair:3:   layout_regular_city, grunt_megastairs_2, uniq_kirke
Lair:4:   layout_regular_city, elwin_shoals_entry_rooms,
          minmay_snake_entry_spellcaster, lookout_lair_type,
          cheibrodos_lair_reptile_den, lemuel_fruit_fields, uniq_harold
Lair:5:   layout_gridlike
Lair:6:   evilmike_catoblepas_cave, layout_gridlike,
          nicolae_slime_entry_slimehenge
Shoals:1: layout_shoals, nicolae_shoals_circle_sea_wall
Shoals:2: layout_shoals
Shoals:3: shoals_end_grunt_ice, layout_shoals, shoals_ilsuiw_ice, serial_shops,
          shop
Snake:1:  layout_cave_pods, uniq_azrael
Snake:2:  layout_cave_pods, abandoned_shop
Snake:3:  snake_pit, layout_layer_cave, grunt_megastairs_5, uniq_mara
Slime:1:  layout_caves, amcnicky_altar_lugonu_corruption
Slime:2:  layout_caves, uniq_donald, uniq_dissolution
Slime:3:  layout_caves
Slime:4:  layout_caves
Slime:5
Orc:      st_orc_rangers, layout_caves, bloody_makhleb, uniq_snorg, uniq_nessos
Elf:1:    elf_arrival_001, layout_geoelf_diagonals, minmay_elf_demonology,
          nicolae_alphabet_shops, spider_trap, dk_noncrumbling_3,
          minmay_misc_feat_diagonals, small_chamber_with_monster, uniq_frances
Elf:2:    layout_geoelf_diagonals
Elf:3:    grunt_elf_hall_asides, layout_geoelf_diagonals
Vaults:1: v_misc_31, ontoclasm_vaults_hangar, grunt_vaults_funnel,
          vaults_mumra_minichess, vaults_dpeg_cross,
          ontoclasm_vaults_ring_large, layout_vaults_omnigrid
Vaults:2: sword_in_stone, vaults_standard_mumra_x, ontoclasm_vaults_tryst,
          grunt_vaults_bifocal, v_misc_13, minmay_crypt_entry_necro_gods,
          nicolae_vaults_network_quinsquares
          [nicolae_vaults_network_quincunx_subvault,
          nicolae_vaults_network_quincunx_subvault,
          nicolae_vaults_network_quincunx_subvault,
          nicolae_vaults_network_quincunx_subvault], v_misc_25,
          ontoclasm_vaults_chip, vaults_mumra_minichess_inversion,
          hangedman_vaults_stretched_pinwheel, v_misc_11,
          nicolae_vaults_rhombus_7, layout_vaults_omnibox, serial_shops, shop
Vaults:3: serial_shops
Crypt:1:  layout_regular_city
Crypt:2:  lightli_unholy_cathedral, layout_chaotic_city,
          nicolae_tomb_entry_unfolded_pyramid_diagonal, uniq_margery
Depths:1: kennysheep_blocky_hall, layout_gridville, hell_entry,
          grunt_decor_one_mirror, minmay_crystal_box, minmay_shoptagon
Depths:2: four-leaf_vault, layout_gridlike, skrybe_limestone_x, serial_sigils,
          serial_sigils_hangedman_clutch, serial_sigils_hangedman_writhe,
          serial_sigils_hangedman_stare, serial_sigils_hangedman_scratch,
          serial_sigils_hangedman_etch, serial_sigils_hangedman_confine,
          hangedman_coc_ice_floe
Depths:3: hangedman_cross_veins, layout_cave_pools, hell_entry,
          rand_demon_pan_entry_8, chequers_serial_rivers_room_a,
          minmay_crystal_room, guppyfry_shop_venom, serial_bayou_shore_b
Depths:4: minmay_the_grid_4x2 [minmay_the_grid_x, minmay_the_grid_dragon_a,
          minmay_the_grid_embedded, minmay_the_grid_box_x,
          minmay_the_grid_paths, minmay_the_grid_slots, minmay_the_grid_gridbox,
          minmay_the_grid_prize_diamond_cup], layout_small_grid, pan_entry,
          grunt_hell_entry_dis_mu, abyss_entry_small_statue_room,
          minmay_misc_feat_ornament
Depths:5: evilmike_zot_entry_argh, layout_basic, enter_ziggurat_e, hell_entry,
          minmay_misc_feat_more_columns, serial_co_window_serial,
          co_window_corner_a, co_window_corner_a, co_window_paths_a,
          co_window_corner_a, co_window_paths_a, co_window_of_opportunity_a,
          co_window_paths_b, co_window_paths_a, co_window_paths_a,
          co_window_broadway_c, co_window_of_opportunity_c,
          co_window_unsneaky_path_a, co_window_corner_ca, co_window_paths_d,
          glass_columns_b
Zot:1:    nicolae_moth_party, layout_cathedral_of_symmetry,
          nicolae_lava_and_water, hangedman_snake_sidewinding
Zot:2:    lemuel_draconian_sentries, layout_gridlike, hangedman_zot_wheel_spokes
Zot:3:    kennysheep_blocky_room, layout_basic
Zot:4:    layout_gridlike
Zot:5:    layout_basic

Table legend:
 A = Turns spent in this place as a percentage of turns spent in the entire game.
 B = Non-inter-level travel turns spent in this place as a percentage of non-inter-level travel turns spent in the entire game.
 C = Inter-level travel turns spent in this place as a percentage of turns spent in this place.
 D = Turns resting spent in this place as a percentage of non-inter-level travel turns spent in this place.
 E = Turns spent auto-exploring this place as a percentage of non-inter-level travel turns spent in this place.
 F = Non-inter-level travel turns spent in this place divided by the number of levels of this place that you've seen.
                   A       B       C       D       E      F
               +-------+-------+-------+-------+-------+----------------------
         Total | 100.0 | 100.0 |  12.4 |  28.9 |  53.6 | 1139.0
       Dungeon |  24.6 |  21.4 |  23.7 |  18.3 |  63.0 | 1239.5
        Temple |   0.3 |   0.3 |   6.0 |   0.0 |  99.0 | 204.0
          Lair |  13.2 |  13.1 |  13.1 |  23.5 |  61.2 | 1521.8
        Shoals |   5.8 |   6.0 |   9.6 |  29.7 |  56.5 | 1379.0
     Snake Pit |   6.1 |   6.8 |   2.7 |  34.5 |  51.8 | 1566.3
    Slime Pits |   3.0 |   3.1 |   9.7 |  22.1 |  61.6 | 435.4
  Orcish Mines |   1.3 |   1.2 |  19.1 |  22.3 |  63.5 | 849.0
   Elven Halls |   6.1 |   6.2 |  11.7 |  23.0 |  57.5 | 1434.7
        Vaults |   9.6 |   9.1 |  16.9 |  30.2 |  55.4 | 2102.0
         Crypt |   3.3 |   3.7 |   3.3 |  22.2 |  64.1 | 1274.5
        Depths |  13.4 |  14.4 |   5.9 |  35.6 |  52.3 | 2003.6
           Zot |   9.9 |  10.9 |   3.4 |  49.7 |  23.4 | 1517.4
      Ziggurat |   0.8 |   0.9 |   0.0 |  46.3 |   1.4 |  64.8
      Ice Cave |   1.6 |   1.8 |   0.0 |  32.5 |  37.2 | 1252.0
      Gauntlet |   0.9 |   1.1 |   0.0 |  22.6 |  40.0 | 743.0
               +-------+-------+-------+-------+-------+----------------------

Table legend:
 A = Kills in this place as a percentage of kills in entire the game.
 B = Kills by you in this place as a percentage of kills by you in the entire game.
 C = Kills by friends in this place as a percentage of kills by friends in the entire game.
 D = Other kills in this place as a percentage of other kills in the entire game.
 E = Experience gained in this place as a percentage of experience gained in the entire game.
 F = Experience gained in this place divided by the number of levels of this place that you have seen.
                   A       B       C       D       E      F
               +-------+-------+-------+-------+-------+----------------------
         Total | 100.0 | 100.0 |   N/A | 100.0 | 100.0 | 29550.7
       Dungeon |  15.8 |  15.8 |   N/A |  20.0 |   3.9 | 5789.0
          Lair |   9.5 |   9.5 |   N/A |   0.0 |   3.3 | 9821.7
        Shoals |   5.7 |   5.8 |   N/A |   0.0 |   4.2 | 25320.3
     Snake Pit |   6.4 |   6.4 |   N/A |   0.0 |   5.5 | 33026.3
    Slime Pits |   9.5 |   9.6 |   N/A |   0.0 |   6.2 | 22436.6
  Orcish Mines |   3.0 |   3.1 |   N/A |   0.0 |   0.5 | 9194.0
   Elven Halls |   6.4 |   6.4 |   N/A |   0.0 |   6.8 | 40967.7
        Vaults |  10.0 |  10.0 |   N/A |  40.0 |  14.1 | 84462.3
         Crypt |   4.8 |   4.7 |   N/A |  20.0 |   4.8 | 43555.5
        Depths |  14.6 |  14.6 |   N/A |  20.0 |  20.9 | 75284.0
           Zot |   9.0 |   9.0 |   N/A |   0.0 |  25.4 | 91729.0
      Ziggurat |   3.3 |   3.3 |   N/A |   0.0 |   3.7 | 6706.2
      Ice Cave |   1.6 |   1.6 |   N/A |   0.0 |   0.5 | 9477.0
      Gauntlet |   0.2 |   0.2 |   N/A |   0.0 |   0.2 | 2775.0
               +-------+-------+-------+-------+-------+----------------------
